Map: Magma Mines

Players

CmoaShobi - Winner!

  • Race: Terran Terran
  • League: Gold
  • Spawn Location: 3:00

Van - Winner!

  • Race: Protoss Protoss
  • Spawn Location: 1:00

Musumeci

  • Race: Zerg Zerg
  • League: Diamond
  • Spawn Location: 11:00

MichyMoko

  • Race: Zerg Zerg
  • Spawn Location: 9:00

VOD

Have the link to the VOD?

Description

Time

  • Played on: March 23, 2017, 4:22 p.m.
  • Length: 19:12
Show
View Real Time Build Order
Export as new Build Order

CmoaShobi Terran - Winner!

Build Orders: Mech 

Get SALT Encoding   

  12  0:01  SCV  
  13  0:32  Supply Depot  
  13  0:41  SCV  
  14  0:54  SCV  
  14  0:55  Barracks  
  15  1:01  Supply Depot  
  15  1:06  SCV  
  15  1:07  Refinery  
  16  1:14  Refinery  
  16  1:18  SCV  
  17  1:38  Barracks  
  17  1:42  Orbital Command  
  17  1:50  Marine  
  18  2:08  SCV, Marine  
  20  2:25  Marine x2  
  20  2:27  Command Center  
  22  2:43  Marine  
  23  2:53  SCV  
  23  2:55  Factory  
  24  3:05  SCV  
  25  3:10  Marine  
  25  3:11  Marine  
  26  3:26  Bunker  
  25  3:30  SCV  
  26  3:36  Factory  
  26  3:38  Orbital Command  
  26  3:39  Factory Tech Lab  
  26  3:42  SCV  
  26  3:43  Refinery  
  27  3:54  SCV  
  28  4:00  Barracks Tech Lab  
  28  4:01  Barracks Tech Lab  
  28  4:04  Siege Tank  
  28  4:06  SCV  
  32  4:10  Bunker, SCV  
  33  4:18  SCV  
  33  4:21  Factory Tech Lab  
  33  4:22  SCV  
  35  4:30  SCV  
  36  4:34  SCV  
  37  4:39  Factory  
  37  4:42  SCV  
  37  4:45  Siege Tank  
  41  4:46  SCV  
  41  4:47  Barracks Tech Lab  
  42  4:54  SCV  
  42  4:59  SCV  
  44  5:17  SCV  
  45  5:22  Supply Depot  
  45  5:25  Command Center  
  45  5:29  SCV  
  46  5:40  Supply Depot  
  46  5:43  Armory  
  46  5:44  Siege Tank x2  
  46  5:46  Armory, Supply Depot  
  52  6:00  Barracks Tech Lab  
  52  6:02  Factory  
  52  6:05  Siege Tank  
  53  6:22  SCV  
  53  6:24  Refinery  
  53  6:25  Supply Depot  
  54  6:29  Siege Tank  
  54  6:30  Siege Tank  
  60  6:34  SCV  
  60  6:37  Siege Tank  
  64  6:46  SCV  
  65  6:58  SCV  
  66  7:01  Terran Vehicle And Ship Armor Level 1, Siege Tank  
  66  7:04  Terran Vehicle Weapons Level 1  
  69  7:10  SCV  
  69  7:11  Command Center  
  70  7:19  Engineering Bay  
  70  7:22  SCV  
  71  7:34  SCV  
  71  7:36  Siege Tank  
  75  7:37  Siege Tank  
  78  7:47  Missile Turret  
  78  7:49  Missile Turret  
  78  7:56  Missile Turret x2  
  78  8:02  Missile Turret  
  78  8:04  Sensor Tower  
  78  8:05  Hi-Sec Auto Tracking  
  78  8:16  Supply Depot  
  78  8:18  Supply Depot  
  78  8:21  Supply Depot  
  78  8:23  SCV, Siege Tank x2, Missile Turret  
  85  8:37  Siege Tank x2  
  91  8:47  Refinery  
  91  8:49  Planetary Fortress  
  91  9:09  Missile Turret  
  91  9:10  Siege Tank  
  94  9:26  SCV  
  94  9:28  Missile Turret  
  95  9:38  SCV  
  93  9:44  Sensor Tower  
  93  9:45  Siege Tank x2  
  96  9:50  SCV  
  100  10:02  SCV  
  100  10:06  Sensor Tower  
  100  10:14  SCV  
  100  10:15  Siege Tank  
  100  10:16  Siege Tank  
  107  10:26  SCV  
  107  10:28  Refinery  
  108  10:34  Factory  
  108  10:35  Terran Vehicle Weapons Level 2  
  108  10:38  SCV  
  109  10:50  SCV  
  109  10:56  Terran Vehicle And Ship Armor Level 2  
  110  11:01  Starport  
  110  11:03  SCV  
  111  11:15  SCV  
  112  11:19  Starport  
  112  11:20  Starport  
  112  11:27  SCV  
  113  11:39  SCV  
  114  11:44  Starport Reactor  
  114  11:49  Command Center  
  114  11:51  SCV  
  114  11:53  Refinery  
  115  11:55  Refinery  
  115  12:03  SCV  
  116  12:15  SCV  
  117  12:26  Armory, Siege Tank x4, Starport Reactor  
  117  12:27  SCV  
  117  12:28  Factory Tech Lab  
  130  12:35  Starport  
  130  12:36  Starport, Starport Reactor  
  130  12:39  SCV  
  130  12:40  Viking  
  133  13:01  Viking, SCV, Siege Tank x3  
  133  13:03  Supply Depot  
  133  13:04  Building Armor  
  145  13:05  Supply Depot  
  145  13:07  Terran Vehicle Weapons Level 3  
  145  13:09  Viking  
  147  13:13  SCV, Terran Ship Weapons Level 1  
  147  13:14  Supply Depot  
  147  13:16  Terran Vehicle And Ship Armor Level 3  
  148  13:20  Supply Depot  
  148  13:45  Viking x2  
  148  13:46  Viking x3  
  158  14:13  Viking x2  
  158  14:14  Viking  
  158  14:15  Viking  
  158  14:17  Viking  
  168  14:21  Planetary Fortress  
  167  14:32  Viking  
  160  14:58  SCV  
  158  15:10  SCV  
  158  15:12  Siege Tank x2  
  165  15:22  SCV  
  165  15:25  Missile Turret x2  
  165  15:27  Viking  
  168  15:34  SCV  
  166  15:46  SCV  
  148  16:19  Siege Tank x2  
  148  16:20  Siege Tank  
  140  16:49  Viking  
  140  16:50  Viking x5, Starport Reactor  
  140  16:51  Starport Reactor  
  146  17:41  Siege Tank  
  146  17:42  Siege Tank  
  152  18:04  SCV  
  153  18:13  Siege Tank x2  
Show
View Real Time Build Order
Export as new Build Order

Van Protoss - Winner!

Build Orders:  

Get SALT Encoding   

  12  0:01  Probe (Chrono Boost)  
  13  0:13  Probe (Chrono Boost)  
  14  0:23  Pylon  
  14  0:26  Probe (Chrono Boost)  
  15  0:41  Probe (Chrono Boost)  
  16  0:46  Forge  
  16  0:52  Probe (Chrono Boost)  
  17  1:00  Assimilator  
  17  1:02  Probe (Chrono Boost)  
  18  1:14  Pylon  
  18  1:26  Pylon  
  18  1:41  Probe (Chrono Boost)  
  19  1:50  Assimilator  
  19  1:52  Probe (Chrono Boost)  
  20  1:58  Gateway  
  20  2:03  Pylon  
  20  2:05  Probe (Chrono Boost)  
  21  2:15  Probe (Chrono Boost)  
  22  2:26  Probe (Chrono Boost)  
  23  2:33  Gateway  
  23  2:44  Nexus  
  23  2:56  Cybernetics Core  
  23  3:04  Probe (Chrono Boost)  
  24  3:15  Probe (Chrono Boost)  
  25  3:25  Probe (Chrono Boost)  
  26  3:28  Warp Gate  
  26  3:36  Probe (Chrono Boost)  
  27  3:46  Adept, Probe (Chrono Boost)  
  30  3:53  Pylon  
  30  3:56  Adept  
  30  3:57  Probe (Chrono Boost)  
  30  3:58  Pylon  
  33  4:07  Probe (Chrono Boost)  
  33  4:08  Probe (Chrono Boost)  
  35  4:18  Probe (Chrono Boost)  
  35  4:19  Probe (Chrono Boost)  
  35  4:22  Pylon  
  37  4:28  Probe (Chrono Boost)  
  37  4:29  Probe (Chrono Boost)  
  38  4:31  Robotics Facility  
  38  4:33  Gateway  
  38  4:39  Probe (Chrono Boost)  
  38  4:40  Probe (Chrono Boost)  
  40  4:50  Probe (Chrono Boost)  
  40  4:51  Probe (Chrono Boost)  
  42  5:01  Probe (Chrono Boost)  
  42  5:03  Probe (Chrono Boost)  
  44  5:11  Probe (Chrono Boost)  
  45  5:15  Nexus  
  45  5:19  Observer  
  46  5:22  Probe (Chrono Boost)  
  46  5:26  Gateway  
  47  5:28  Protoss Ground Weapons Level 1  
  47  5:32  Probe (Chrono Boost)  
  48  5:35  Assimilator  
  48  5:39  Assimilator  
  48  5:40  Immortal  
  52  5:43  Probe (Chrono Boost)  
  52  5:44  Twilight Council  
  53  5:53  Probe (Chrono Boost)  
  54  6:08  Photon Cannon  
  54  6:09  Pylon  
  54  6:12  Gateway x2  
  54  6:20  Stalker, Immortal  
  54  6:21  Stalker x2  
  54  6:24  Charge  
  64  6:29  Templar Archives  
  64  6:36  Zealot  
  66  6:42  Probe (Chrono Boost)  
  66  6:43  Probe (Chrono Boost)  
  68  6:53  Probe (Chrono Boost)  
  70  6:54  Probe (Chrono Boost)  
  70  6:55  Photon Cannon  
  70  7:01  Pylon  
  70  7:04  Probe (Chrono Boost)  
  70  7:06  Probe (Chrono Boost)  
  72  7:09  Pylon  
  72  7:11  Probe (Chrono Boost)  
  72  7:14  Probe (Chrono Boost)  
  74  7:18  Probe (Chrono Boost)  
  74  7:19  High Templar  
  74  7:20  High Templar x4  
  74  7:21  High Templar, Probe (Chrono Boost)  
  88  7:25  Probe (Chrono Boost)  
  90  7:30  Probe (Chrono Boost)  
  90  7:32  Probe (Chrono Boost)  
  90  7:35  Assimilator  
  91  7:40  Assimilator  
  91  7:41  Psionic Storm  
  91  7:42  Probe (Chrono Boost)  
  91  7:43  Pylon  
  92  7:45  Pylon  
  92  7:49  Observer  
  93  7:53  Probe (Chrono Boost)  
  93  7:56  Photon Cannon  
  94  8:00  Photon Cannon  
  94  8:06  Probe (Chrono Boost)  
  94  8:10  Gateway x2, Pylon  
  94  8:12  Pylon  
  95  8:13  Blink  
  95  8:17  Probe (Chrono Boost)  
  96  8:27  Probe (Chrono Boost)  
  96  8:29  Stalker x2  
  99  8:36  Stalker x2  
  99  8:37  Stalker x2  
  99  8:39  Immortal  
  111  8:52  Probe (Chrono Boost)  
  112  9:03  Photon Cannon  
  112  9:09  Pylon  
  112  9:12  Pylon  
  112  9:15  Nexus  
  112  9:18  Warp Prism  
  112  9:19  Pylon x2  
  112  9:22  Stalker x2  
  112  9:23  Stalker  
  112  9:24  Zealot x3  
  124  9:30  Photon Cannon  
  126  9:33  Photon Cannon  
  126  9:36  Photon Cannon  
  114  9:39  Zealot x2  
  118  9:54  Immortal  
  118  9:57  Robotics Facility  
  122  10:19  Protoss Ground Weapons Level 2  
  122  10:30  Forge  
  122  10:31  Zealot x2  
  122  10:32  Pylon, Zealot x2  
  122  10:33  Immortal  
  134  10:43  Pylon  
  134  10:46  Pylon  
  134  10:49  Photon Cannon  
  134  10:50  Pylon  
  134  10:51  Photon Cannon  
  134  11:12  Zealot  
  134  11:13  Zealot x5  
  124  11:33  High Templar  
  124  11:34  High Templar x2  
  124  11:35  High Templar  
  124  11:39  Immortal  
  136  11:40  Protoss Ground Armor Level 1  
  136  11:46  Immortal  
  139  11:56  Zealot x4  
  147  12:04  Photon Cannon  
  147  12:07  Photon Cannon  
  144  12:11  Photon Cannon  
  144  12:12  Stalker x4  
  144  12:14  Photon Cannon  
  152  12:17  Photon Cannon  
  152  12:23  Observer  
  152  12:26  Observer  
  154  12:39  Stalker x5  
  154  12:40  Stalker x3  
  170  12:44  Immortal  
  170  12:47  Gateway, Observer  
  170  12:48  Gateway  
  170  12:50  Photon Cannon  
  175  12:54  Photon Cannon  
  175  12:55  Photon Cannon  
  175  12:56  Pylon  
  175  13:02  Dark Shrine  
  175  13:08  Immortal  
  175  13:38  High Templar x3  
  175  13:39  High Templar  
  182  13:50  Archon  
  182  13:51  Archon  
  182  13:57  Assimilator  
  182  14:02  Assimilator  
  182  14:14  Protoss Ground Weapons Level 3  
  182  14:16  Protoss Ground Armor Level 2  
  172  14:28  High Templar x2  
  172  14:29  High Templar x3  
  172  14:30  High Templar  
  182  14:31  Pylon  
  182  14:32  Pylon  
  182  14:39  Nexus  
  182  14:57  Stalker  
  182  14:58  Stalker  
  148  15:54  Dark Templar x3  
  148  15:55  Dark Templar x2  
  143  16:18  Dark Templar  
  143  16:19  Dark Templar x3  
  147  16:38  Stalker x3  
  147  16:39  Stalker x2  
  153  16:59  Stalker  
  153  17:00  Stalker x4  
  157  17:14  Stalker x3  
  157  17:15  Stalker  
  134  18:04  Zealot  
  134  18:05  Zealot x4  
  144  18:06  Zealot x5  
  144  18:11  Nexus  
  154  18:13  Assimilator  
  154  18:15  Assimilator  
  154  18:17  Pylon  
  154  18:22  Pylon  
  154  18:24  Pylon  
  154  18:26  Pylon  
Show
View Real Time Build Order
Export as new Build Order

Musumeci Zerg 

Build Orders: Hatch First 

Get SALT Encoding   

  12  0:01  Drone  
  13  0:07  Drone  
  13  0:11  Extractor  
  13  0:16  Drone  
  15  0:46  Hatchery, Extractor  
  15  0:47  Drone  
  15  1:12  Spawning Pool  
  15  1:16  Extractor  
  12  1:59  Queen  
  14  2:04  Zergling x2  
  14  2:06  Queen  
  14  2:08  Drone  
  18  2:21  Overlord  
  18  2:40  Drone x2  
  20  2:51  Overlord  
  20  3:06  Roach Warren  
  18  3:24  Drone  
  18  3:25  Drone x5  
  18  3:26  Drone  
  25  3:30  Drone  
  26  3:37  Overlord  
  26  3:44  Drone x2  
  28  3:50  Overlord  
  28  3:57  Zergling x2  
  28  4:01  Roach x2  
  33  4:08  Overlord  
  33  4:11  Drone x3  
  33  4:13  Drone  
  37  4:28  Roach x3  
  43  4:35  Extractor  
  43  4:36  Drone x3  
  45  4:40  Drone x4  
  49  4:49  Drone  
  49  4:50  Extractor  
  49  4:51  Drone x2  
  51  4:54  Drone  
  52  5:14  Overlord  
  52  5:15  Overlord x2, Extractor  
  51  5:31  Overlord  
  51  5:36  Roach  
  51  5:37  Roach x4  
  51  5:39  Hatchery  
  60  5:48  Drone  
  60  5:49  Drone x2  
  63  5:52  Lair  
  63  6:01  Spore Crawler  
  63  6:03  Spore Crawler  
  61  6:04  Drone  
  61  6:05  Spore Crawler  
  61  6:06  Drone  
  62  6:24  Drone x2  
  64  6:26  Drone x3  
  64  6:27  Drone  
  64  6:28  Drone  
  69  6:42  Drone x2  
  69  6:44  Evolution Chamber  
  69  6:45  Evolution Chamber, Ravager x6  
  75  6:51  Glial Reconstitution  
  75  6:53  Roach x3  
  81  6:57  Drone  
  81  6:58  Drone  
  85  7:30  Roach x3  
  85  7:31  Overlord x3  
  88  7:53  Ravager x2  
  88  7:54  Extractor x2, Ravager x7  
  95  7:58  Drone x2  
  95  7:59  Drone  
  95  8:01  Drone x3  
  101  8:06  Ravager  
  101  8:07  Roach x4  
  112  8:20  Roach x2  
  114  8:40  Roach  
  114  8:41  Roach x5  
  114  8:43  Overlord  
  114  8:44  Overlord x2  
  114  8:57  Zerg Ground Armor Level 1, Zerg Missile Weapons Level 1  
  114  9:01  Queen  
  116  9:04  Roach x6  
  114  9:37  Roach x7  
  114  9:38  Roach x4  
  99  9:44  Ravager  
  99  9:45  Ravager x8  
  108  9:52  Drone x11  
  115  10:14  Drone  
  116  10:24  Ravager x8  
  124  10:31  Hatchery  
  124  10:34  Extractor  
  122  10:40  Drone x3  
  122  10:41  Drone x2  
  122  10:42  Drone  
  128  10:44  Drone x4  
  128  10:45  Drone x6  
  128  10:49  Extractor, Overlord x4  
  137  10:52  Zerg Missile Weapons Level 2, Zerg Ground Armor Level 2  
  137  10:57  Infestation Pit  
  137  11:00  Ravager  
  137  11:32  Roach x11  
  159  11:37  Overlord  
  159  11:39  Overlord  
  159  11:40  Overlord x2  
  159  11:57  Ravager x10  
  159  12:00  Roach x3  
  148  12:25  Ravager  
  148  12:26  Ravager x3  
  152  12:41  Roach x9  
  152  12:42  Roach x5  
  180  13:00  Burrow, Tunneling Claws  
  182  13:05  Ravager x3  
  182  13:06  Ravager x3  
  160  13:56  Hive  
  160  14:11  Roach x6  
  160  14:12  Roach  
  142  14:35  Roach x8  
  158  14:42  Roach x2  
  158  14:43  Roach x2  
  158  15:01  Roach  
  146  15:20  Roach  
  128  15:48  Roach x12  
  128  15:49  Roach x6  
  162  16:02  Roach x2  
  162  16:03  Roach x3  
  162  16:06  Roach  
  162  16:07  Roach x10  
  184  16:11  Zerg Missile Weapons Level 3, Zerg Ground Armor Level 3  
  165  16:25  Roach x11  
  110  16:27  Ravager  
  110  16:28  Ravager  
  111  16:35  Overseer  
  111  16:36  Overseer  
  111  16:41  Ravager  
  102  16:56  Ravager  
  102  16:57  Ravager  
  102  16:58  Ravager x12  
  102  17:00  Ravager  
  117  17:03  Roach x10  
  99  17:19  Roach x5  
  109  17:26  Ravager x5  
  109  17:27  Ravager  
  109  17:29  Ravager x4  
  119  17:40  Ravager x5  
  124  17:56  Roach x10  
  141  18:23  Ravager x4  
Show
View Real Time Build Order
Export as new Build Order

MichyMoko Zerg 

Build Orders: Hatch First 

Get SALT Encoding   

  12  0:01  Drone  
  13  0:13  Overlord  
  13  0:19  Drone  
  14  0:32  Drone x2  
  16  0:36  Drone  
  17  0:59  Hatchery  
  16  1:13  Drone x2  
  18  1:19  Spawning Pool  
  18  1:21  Extractor  
  18  1:25  Drone  
  17  1:48  Drone x3  
  20  2:00  Overlord  
  20  2:22  Zergling x4  
  22  2:23  Queen  
  22  2:24  Queen  
  22  2:26  Drone  
  22  2:29  Drone  
  28  2:50  Metabolic Boost  
  28  2:53  Drone  
  28  2:54  Drone, Roach Warren  
  28  2:55  Drone  
  28  2:57  Drone  
  31  3:04  Zergling x2  
  32  3:09  Overlord  
  32  3:10  Drone  
  32  3:29  Queen  
  36  3:34  Roach x2  
  36  3:35  Drone, Zergling x4  
  36  3:37  Drone  
  36  3:41  Extractor  
  41  3:45  Overlord  
  41  3:47  Lair  
  41  3:51  Drone x3  
  44  4:00  Overlord x2  
  44  4:08  Extractor  
  44  4:09  Extractor  
  42  4:14  Roach x4  
  50  4:20  Drone x3  
  53  4:24  Drone x2  
  53  4:29  Drone x2  
  57  4:45  Drone  
  58  4:46  Drone x3  
  58  4:48  Roach  
  58  4:49  Roach  
  63  5:04  Roach x2  
  67  5:10  Hatchery  
  66  5:16  Roach  
  66  5:18  Overlord x2  
  66  5:19  Overlord  
  66  5:20  Overseer  
  68  5:25  Hydralisk Den  
  68  5:26  Ravager  
  68  5:29  Overlord x2  
  68  6:07  Roach  
  68  6:08  Roach x11  
  92  6:13  Glial Reconstitution  
  92  6:19  Evolution Chamber  
  92  6:20  Evolution Chamber  
  90  6:27  Drone x2  
  90  6:28  Roach x2  
  96  6:32  Hydralisk  
  96  6:33  Hydralisk x2  
  96  6:38  Ravager x2  
  96  6:39  Ravager x2  
  106  6:42  Overlord  
  106  6:45  Overlord  
  106  6:52  Zerg Missile Weapons Level 1  
  106  6:55  Zerg Ground Armor Level 1  
  106  7:00  Hydralisk  
  108  7:06  Hydralisk x2  
  112  7:15  Drone x3  
  114  7:16  Drone x2  
  114  7:19  Drone  
  114  7:20  Drone, Extractor  
  118  7:33  Roach  
  118  7:34  Roach  
  122  7:49  Overlord  
  122  7:50  Overlord x5  
  122  8:02  Muscular Augments  
  122  8:10  Extractor  
  122  8:12  Ravager x6  
  128  8:13  Ravager  
  128  8:18  Roach x4  
  136  8:23  Drone  
  136  8:24  Drone x3  
  141  8:34  Ravager x3  
  143  8:47  Drone  
  143  8:48  Drone  
  145  8:52  Zerg Missile Weapons Level 2  
  145  9:02  Zerg Ground Armor Level 2  
  145  9:07  Ravager  
  145  9:09  Ravager  
  147  9:20  Infestation Pit  
  126  9:40  Roach  
  126  9:41  Roach x16  
  160  9:57  Spire  
  159  10:18  Hatchery  
  158  10:31  Zergling x2  
  158  10:32  Zergling x12  
  158  10:33  Zergling x10  
  158  10:34  Overlord x2  
  158  10:35  Overlord x3  
  170  10:38  Overseer  
  170  10:41  Hive  
  170  10:52  Queen, Ravager x3  
  170  10:53  Ravager x7  
  182  11:03  Roach  
  182  11:04  Roach x4  
  177  11:36  Drone x3  
  180  12:00  Roach  
  180  12:01  Roach  
  184  12:04  Greater Spire  
  184  12:07  Zerg Missile Weapons Level 3  
  184  12:09  Zerg Ground Armor Level 3  
  184  12:18  Drone x3  
  187  12:40  Roach  
  187  12:41  Roach x5  
  187  12:43  Overlord x3  
  187  12:44  Overlord  
  199  13:25  Extractor, Corruptor  
  199  13:26  Extractor  
  197  13:37  Corruptor x2  
  195  14:27  Brood Lord x2  
  199  14:51  Ravager  
  198  15:20  Corruptor  
  170  15:53  Corruptor  
  170  15:54  Roach  
  170  15:55  Roach x19  
  170  15:56  Roach x3  
  195  16:12  Zerg Melee Weapons Level 1  
  195  16:14  Zerg Flyer Armor Level 1  
  155  16:28  Roach  
  155  16:29  Roach x16  
  155  16:30  Roach x8  
  190  16:36  Overseer  
  190  16:37  Overseer  
  178  16:52  Spore Crawler  
  168  17:02  Ravager x3  
  168  17:03  Ravager x14  
  168  17:04  Ravager x2  
  79  17:41  Roach  
  79  17:42  Roach x18  
  79  17:43  Roach x5  
  85  17:55  Corruptor  
  87  18:05  Ravager x5  
  92  18:09  Ravager x3  
  92  18:10  Ravager x2  
  56  18:34  Roach  
  56  18:35  Roach x3  
Tags
 
Add a new tag
Caveats
  • Supply blocks, unpowered buildings, or Contaminate may cause inaccurate times.
  • Supply counts are checked every 10 seconds.